AoeStats
← DK

Nomad

505068769Analyzed
4v4 RM · 24d ago on Sep 7, 2026· 45m 43s· 8 players
Game mode
Random Map
Map size
231×231
Population
200
Speed
Normal
Resources
Standard
Victory
Conquest
Starting age
Dark Age
Ending age
Imperial Age
RankedLock teamsTeams togetherTeam positionsShared explorationLock speedFull tech treeHidden civsTurbo modeCheats
Victory
Defeat
1060
+14
🇩🇪 Byzantines · Germany
1054
+14
🇩🇪 Spanish · Germany
1044
+15
🇩🇪 Italians · Germany
985
+17
🇬🇧 Persians · United Kingdom
1033
-16
🇨🇴 Slavs · Colombia
1017
-15
🇺🇸 Japanese · United States
1009
-15
🇳🇱 Huns · Netherlands
996
-14
Doc Awk
14:48 Feudal Age
15:31 Loom
20:14 Castle Age
21:24 Wheelbarrow
21:35 Man-at-Arms
22:29 Forging
22:58 Squires
22:39 Long Swordsman
34:28 Scale Mail Armor
36:30 Hand Cart
38:23 Thumb Ring
39:06 Elite Skirmisher
39:40 Fletching
Clockwise Haggis
4:48 Loom
14:53 Feudal Age
19:29 Castle Age
18:38 Forging
18:34 Scale Barding Armor
18:29 Padded Archer Armor
18:20 Fletching
18:30 Scale Mail Armor
19:30 Horse Collar
19:40 Double-Bit Axe
20:18 Elite Skirmisher
26:56 Iron Casting
40:44 Imperial Age
WololoJedi
5:03 Loom
13:37 Feudal Age
15:04 Wheelbarrow
14:21 Double-Bit Axe
14:21 Horse Collar
20:41 Stone Mining
24:41 Castle Age
22:35 Gold Mining
31:46 Bow Saw
33:03 Detinets
33:15 Squires
33:31 Husbandry
32:55 Elite Skirmisher
36:16 Hand Cart
35:47 Town Watch
39:07 Gold Shaft Mining
39:36 Pikeman
42:57 Imperial Age
42:48 Fletching
42:58 Padded Archer Armor
42:59 Scale Mail Armor
43:09 Forging
43:05 Scale Barding Armor
42:30 Man-at-Arms
44:32 Conscription
44:49 Hoardings
44:43 Sappers
prsdntsdghtr
6:53 Loom
16:03 Feudal Age
22:13 Castle Age
38:05 Double-Bit Axe
39:38 Bow Saw
1,3,7-Trimethylxanthine
5:38 Loom
15:27 Feudal Age
18:03 Wheelbarrow
20:39 Castle Age
20:39 Double-Bit Axe
22:46 Bow Saw
23:48 Gold Mining
27:43 Husbandry
27:54 Bloodlines
29:55 Horse Collar
30:22 Elite Skirmisher
37:10 Padded Archer Armor
37:02 Fletching
39:28 Hand Cart
46:03 Imperial Age
DK
4:37 Loom
13:53 Feudal Age
19:58 Castle Age
19:54 Double-Bit Axe
21:55 Medium Warships
22:54 Fishing Lines
25:21 Bow Saw
30:03 Fletching
30:15 Padded Archer Armor
33:20 Imperial Age
33:00 Scale Barding Armor
33:06 Forging
33:53 Gillnets
37:51 Wheelbarrow
38:21 Chain Barding Armor
39:48 Iron Casting
41:10 Elite Cataphract
44:04 Plate Barding Armor
darkspire03
9:07 Loom
14:16 Feudal Age
15:20 Double-Bit Axe
17:51 Castle Age
16:29 Stone Mining
19:29 Padded Archer Armor
27:37 Town Watch
28:30 Wheelbarrow
36:52 Imperial Age
35:56 Leather Archer Armor
37:46 Bloodlines
37:37 Husbandry
38:04 Bow Saw
40:56 Conscription
41:21 Ring Archer Armor
43:34 Hand Cart
42:46 Capped Ram
45:40 Siege Ram
Futterluke
4:47 Loom
14:18 Feudal Age
21:22 Castle Age
20:01 Fletching
21:41 Scale Barding Armor
23:00 Chain Barding Armor
23:55 Forging
27:24 Bloodlines
27:15 Husbandry
32:36 Iron Casting
36:41 Ballistics
37:46 Bodkin Arrow
45:55 Imperial Age
Connection lost

Rejoining the realm…

Still unreachable

The connection could not be restored.

Session expired

The server has moved on; the page needs a fresh start.